Map: Port Aleksander LE

Players

Cham

  • Race: Zerg Zerg
  • Spawn Location: 11:00

Zanster - Winner!

  • Race: Zerg Zerg
  • Spawn Location: 5:00

Event: 2019 WCS Spring

VOD

Have the link to the VOD?

Description

Time

  • Played on: May 17, 2019, 11:05 a.m.
  • Length: 8:46

All games in this series

Show
View Real Time Build Order
Export as new Build Order

Cham Zerg 

Build Orders: Hatch First 

Get SALT Encoding   

  12  0:01  Drone  
  13  0:09  Drone  
  14  0:17  Overlord  
  14  0:35  Drone  
  14  0:36  Drone  
  16  0:48  Hatchery  
  15  0:53  Drone  
  15  0:56  Drone  
  17  1:02  Drone  
  18  1:10  Extractor  
  17  1:16  Spawning Pool  
  16  1:19  Drone  
  16  1:23  Drone  
  18  1:29  Drone  
  19  1:47  Overlord  
  19  2:02  Drone  
  19  2:04  Queen x2  
  19  2:06  Drone  
  25  2:10  Drone  
  25  2:11  Metabolic Boost  
  25  2:14  Drone  
  27  2:17  Drone  
  27  2:22  Drone  
  29  2:25  Drone  
  30  2:40  Hatchery  
  30  2:43  Drone  
  30  2:46  Zergling x2  
  30  2:50  Baneling Nest  
  30  2:51  Drone  
  30  2:54  Zergling x2  
  30  2:57  Zergling x2  
  33  2:59  Overlord  
  33  3:05  Drone  
  34  3:10  Overlord  
  34  3:12  Drone x2  
  36  3:19  Zergling x2, Drone x2  
  39  3:23  Drone  
  39  3:24  Drone  
  41  3:28  Drone x2  
  43  3:35  Queen  
  45  3:43  Drone x2  
  47  3:51  Drone  
  47  3:52  Drone x2  
  47  3:54  Drone x3  
  47  3:55  Drone x3  
  56  4:03  Roach Warren  
  56  4:05  Overlord  
  56  4:07  Drone x2  
  57  4:16  Extractor  
  55  4:17  Overlord, Extractor  
  55  4:18  Zergling x2  
  55  4:19  Zergling x2  
  55  4:21  Zergling x2  
  55  4:23  Overlord, Baneling x2  
  57  4:24  Overlord  
  57  4:44  Roach x7  
  71  4:46  Roach  
  71  4:48  Roach  
  71  4:49  Roach x3  
  71  4:51  Roach  
  83  4:56  Roach  
  83  4:57  Roach  
  85  5:01  Roach  
  85  5:02  Roach  
  89  5:09  Overlord  
  89  5:12  Overlord  
  89  5:17  Overlord, Baneling x3  
  89  5:28  Zergling x16  
  97  5:33  Drone x2  
  97  5:34  Drone  
  98  5:36  Lair  
  98  5:40  Evolution Chamber  
  98  5:41  Baneling, Drone  
  98  5:42  Drone x3  
  101  5:43  Drone  
  101  5:49  Drone  
  103  5:50  Drone  
  92  5:58  Drone x2  
  92  5:59  Drone x2  
  92  6:00  Drone  
  92  6:01  Drone  
  90  6:06  Overlord  
  84  6:11  Drone  
  84  6:12  Roach x4, Drone  
  84  6:14  Drone  
  84  6:17  Extractor, Zerg Missile Weapons Level 1  
  90  6:20  Roach x2, Extractor x2  
  86  6:27  Roach x3  
  86  6:30  Spine Crawler  
  87  6:37  Spire  
  87  6:39  Roach  
  90  6:40  Roach, Overlord  
  90  6:44  Spine Crawler  
  90  6:45  Queen  
  87  6:48  Roach x2  
  87  6:49  Roach  
  87  6:51  Roach  
  87  6:53  Roach  
  97  6:55  Roach  
  97  6:58  Roach  
  97  6:59  Roach  
  103  7:02  Roach  
  103  7:07  Roach x2  
  101  7:09  Roach  
  101  7:12  Roach  
  101  7:14  Roach  
  89  7:17  Roach  
  89  7:20  Roach  
  76  7:35  Roach x2  
  76  7:36  Roach x4  
  70  7:48  Mutalisk x3  
  74  7:53  Mutalisk  
  76  7:58  Overlord  
  76  8:06  Mutalisk  
  76  8:07  Overlord  
  76  8:08  Roach x2  
  76  8:11  Roach  
  76  8:12  Roach  
  76  8:13  Roach  
  72  8:20  Roach  
  72  8:23  Roach  
Show
View Real Time Build Order
Export as new Build Order

Zanster Zerg - Winner!

Build Orders: Hatch First 

Get SALT Encoding   

  12  0:00  Drone  
  13  0:12  Overlord  
  13  0:18  Drone  
  14  0:31  Drone  
  14  0:32  Drone  
  16  0:50  Hatchery  
  16  0:52  Drone  
  16  0:56  Drone  
  17  0:59  Drone  
  18  1:09  Extractor  
  17  1:16  Spawning Pool  
  16  1:18  Drone  
  16  1:21  Drone  
  18  1:28  Drone  
  19  1:39  Drone  
  20  1:50  Drone  
  21  2:03  Queen x2  
  21  2:04  Overlord  
  21  2:05  Zergling x2  
  26  2:10  Metabolic Boost  
  26  2:14  Drone x2  
  29  2:22  Drone  
  29  2:23  Drone  
  30  2:32  Drone  
  31  2:40  Hatchery  
  31  2:44  Drone x2  
  31  2:48  Overlord  
  32  2:54  Baneling Nest  
  32  2:56  Drone  
  32  3:00  Drone  
  33  3:06  Drone  
  34  3:13  Zergling x6  
  34  3:15  Drone x3  
  40  3:21  Evolution Chamber  
  40  3:22  Overlord  
  40  3:24  Drone  
  40  3:26  Drone  
  42  3:34  Drone  
  42  3:37  Drone  
  42  3:40  Queen, Drone  
  42  3:41  Extractor  
  45  3:47  Drone x2  
  48  3:48  Drone  
  48  3:50  Drone  
  48  3:52  Drone  
  48  3:54  Drone  
  48  3:55  Drone  
  52  3:58  Drone  
  52  4:01  Zerg Ground Armor Level 1  
  53  4:03  Overlord  
  53  4:04  Drone  
  54  4:12  Drone x2  
  54  4:13  Drone  
  57  4:19  Drone  
  57  4:20  Overlord  
  57  4:22  Drone  
  57  4:23  Drone  
  59  4:27  Roach Warren  
  58  4:33  Zergling x12  
  58  4:36  Lair  
  64  4:40  Overlord  
  64  4:47  Zergling x8  
  64  4:51  Overlord  
  67  4:55  Baneling x2  
  66  5:00  Drone x2  
  66  5:01  Drone  
  66  5:02  Overlord  
  69  5:08  Roach  
  69  5:09  Roach x5  
  81  5:17  Overlord  
  81  5:18  Roach x2  
  85  5:22  Roach x2, Zergling x6  
  85  5:23  Extractor x2, Zergling x2  
  85  5:27  Roach x2, Zergling x2  
  94  5:33  Roach, Zergling x2  
  94  5:34  Overlord  
  92  5:39  Baneling  
  92  5:43  Roach, Zergling x4  
  92  5:47  Baneling  
  96  5:53  Roach x3, Zergling x4  
  96  5:54  Zergling x8  
  96  5:58  Roach x2  
  96  6:06  Baneling x2  
  96  6:08  Roach, Zergling x6  
  92  6:14  Roach, Zergling x2  
  92  6:19  Roach  
  92  6:20  Glial Reconstitution  
  91  6:28  Zergling x6  
  91  6:31  Zergling x6  
  96  6:34  Hatchery  
  96  6:36  Zergling x6  
  98  6:45  Zergling x12  
  104  6:52  Spire  
  104  6:53  Overlord  
  103  6:57  Drone x2  
  104  7:07  Drone x7  
  107  7:13  Drone x4  
  104  7:18  Extractor  
  104  7:19  Extractor  
  97  7:30  Roach x2, Zergling x6  
  97  7:31  Zergling x2  
  97  7:36  Roach  
  104  7:39  Overlord  
  104  7:42  Roach  
  102  7:48  Roach  
  102  7:49  Roach x8  
  120  7:57  Overlord  
  119  8:06  Mutalisk  
  119  8:07  Mutalisk x5  
  126  8:13  Mutalisk x2  
  126  8:18  Mutalisk  
  125  8:23  Zergling x6  
  125  8:24  Zergling x12  
Tags
 
Add a new tag
Caveats
  • Supply blocks, unpowered buildings, or Contaminate may cause inaccurate times.
  • Supply counts are checked every 10 seconds.